 Dungeon Crawl Stone Soup version 0.31-a0-229-g1fc7ce93e2 (webtiles) character file.

Game seed: 13951357831352555572

77 qw the Shooter (level 4, 0/26 HPs)
             Began as a Gargoyle Hexslinger on July 6, 2023.
             Slain by a black bear (4 damage)
             ... on level 4 of the Dungeon.
             The game lasted 00:00:40 (2330 turns).

qw the Shooter (Gargoyle Hexslinger)                Turns: 2330, Time: 00:00:41

Health: 0/26       AC:  6    Str: 11    XL:     4   Next: 33%
Magic:  5/5        EV: 12    Int: 14    God:
Gold:   218        SH:  5    Dex: 14    Spells: 4/5 levels left

rFire   . . .        Y - +3 sling
rCold   . . .        (no shield)
rNeg    + . .        c - +0 robe
rPois   inf          (no helmet)
rElec   +            a - +0 cloak
rCorr   .            (no gloves)
SInv    .            (no boots)
Will    .....        e - amulet of reflection
Stlth   +            (no ring)
HPRegen 0.24/turn    (no ring)
MPRegen 0.09/turn

%: reflection
@: no status effects
A: sickness immunity, AC +3, negative energy resistance 1, electricity
resistance, torment resistance 1, petrification resistance
a: no special abilities


You were on level 4 of the Dungeon.
You visited 1 branch of the dungeon, and saw 4 of its levels.

You collected 218 gold pieces.


Innate Abilities, Weirdness & Mutations

You are immune to sickness and miasma.
Your stone body is resilient. (AC +3)
You are immune to poison.
You resist negative energy. (rN+)
You are resistant to electric shocks. (rElec)
You are resistant to unholy torment.
You are immune to petrification.


   Skills:
 - Level 2.0 Fighting
 + Level 4.1 Ranged Weapons
 - Level 1.5 Dodging
 - Level 1.0 Spellcasting
 - Level 2.6 Hexes


You had 4 spell levels left.
You knew the following spells:

 Your Spells              Type           Power      Damage    Failure   Level
a - Slow                  Hex            32%        N/A       9%          1

Your spell library contained the following spells:

 Spells                   Type           Power      Damage    Failure   Level
 Inner Flame              Hex/Fire       4%         N/A       41%         3
 Portal Projectile        Hex/Tloc       8%         N/A       41%         3
 Cause Fear               Hex            4%         N/A       65%         4

Inventory:

Hand Weapons
 Y - a +3 sling (weapon)
Armour
 a - a +0 cloak (worn)
 c - a +0 robe (worn)
Jewellery
 e - an amulet of reflection (around neck)
Scrolls
 b - a scroll of identify
Potions
 f - a potion of might {unknown}
 i - a potion of attraction {unknown}
 j - 3 potions of curing
 k - a potion of heal wounds {unknown}
 m - a potion of lignification {unknown}

Dungeon Overview and Level Annotations

Branches:
Dungeon (4/15)
 Temple: D:4-7

Altars:
Trog


Message History

You shoot a sling bullet.
The sling bullet barely misses the black bear.
The sling bullet completely misses the worm.
You shoot a sling bullet. The sling bullet hits the black bear.
The black bear is lightly wounded.
You shoot a sling bullet.
The sling bullet hits the black bear but does no damage.
The black bear is lightly wounded.
You shoot a sling bullet.
The sling bullet closely misses the black bear.
You shoot a sling bullet. The sling bullet hits the black bear.
The black bear is lightly wounded.
The black bear bites you but does no damage.
The black bear closely misses you. The black bear barely misses you.
You shoot a sling bullet.
The sling bullet barely misses the black bear.
The black bear bites you but does no damage.
The black bear barely misses you. The black bear claws you.
The black bear bites you but does no damage.
The black bear claws you but does no damage.
The black bear claws you.
You shoot a sling bullet.
The sling bullet barely misses the black bear.
The black bear bites you but does no damage.
You block the black bear's attack. The black bear closely misses you.
The black bear bites you. The black bear claws you.
You block the black bear's attack.
You shoot a sling bullet. The sling bullet hits the black bear!
The black bear is heavily wounded.
The black bear bites you. The black bear misses you.
The black bear claws you but does no damage.
The black bear bites you but does no damage.
The black bear barely misses you. The black bear claws you.
You shoot a sling bullet. The sling bullet hits the black bear.
The black bear is severely wounded.
The black bear barely misses you. The black bear misses you.
The black bear claws you but does no damage.
The black bear bites you. The black bear completely misses you.
The black bear claws you.
You die...

#. . #.. ._ #..
P.. ... ..##.#
w...
#.#####h#####...
.......h@.......
$#..##.######..
##........
#<........
#######.## ..


You could see 2 black bears and a worm.

Vanquished Creatures
  4 adders
  A worm (D:2)
  4 bats
  3 endoplasms
  3 goblins
  4 hobgoblins
  4 kobolds
  2 quokkas (D:1)
  5 ball pythons
  4 frilled lizards
  5 rats
39 creatures vanquished.

Notes
Turn   | Place    | Note
-------+----------+-------------------------------------------
     0 | D:1      | qw the Gargoyle Hexslinger began the quest for the Orb.
     0 | D:1      | Reached XP level 1. HP: 12/12 MP: 2/2
     0 | D:1      | 0 ||| qw: Version: 0.3-a-46-gb1f654a
     0 | D:1      | 0 ||| qw: Game counter: 1722
     0 | D:1      | 0 ||| qw: Melee chars always use a shield: true
     0 | D:1      | 0 ||| qw: God list: Okawaru
     0 | D:1      | 0 ||| qw: Allow faded altars: false
     0 | D:1      | 0 ||| qw: Do Orc after clearing Dungeon:15 true
     0 | D:1      | 0 ||| qw: Do second Lair branch before Depths: true
     0 | D:1      | 0 ||| qw: Lair rune preference: random
     0 | D:1      | 0 ||| qw: Goals: Normal
     0 | D:1      | 0 ||| PLANNING D:1-11
   124 | D:1      | Reached XP level 2. HP: 16/16 MP: 3/3
   194 | D:1      | Reached skill level 3 in Ranged Weapons
   528 | D:1      | 528 ||| UPGRADING to amulet of reflection.
   533 | D:1      | 533 ||| READING scroll labelled HEK XUNAOR.
   534 | D:1      | 534 ||| READING scroll labelled TIPSELUJI.
   535 | D:1      | 535 ||| READING scroll labelled XODUAN BEODD.
   536 | D:1      | 536 ||| DROPPING scroll of poison.
   587 | D:2      | Found a bloodstained altar of Trog.
   595 | D:2      | Reached XP level 3. HP: 21/21 MP: 4/4
  1029 | D:2      | Reached XP level 4. HP: 26/26 MP: 5/5
  1341 | D:2      | 1341 ||| UPGRADING to +0 cloak.
  1346 | D:2      | 1346 ||| READING 2 scrolls labelled QEUCOXTIPP.
  1347 | D:2      | 1347 ||| READING scroll labelled CYUCVOV FANYTO.
  1348 | D:2      | 1348 ||| READING scroll labelled SUTAEXYAQ.
  1349 | D:2      | 1349 ||| READING scroll labelled WOGRIQ RAURGHUO.
  1350 | D:2      | 1350 ||| READING scroll labelled ARINTYFAZA.
  1354 | D:2      | 1354 ||| DRINKING 2 fizzy amethyst potions.
  1355 | D:2      | 1355 ||| DROPPING scroll of fog.
  1437 | D:3      | 1437 ||| READING scroll of enchant weapon.
  1437 | D:3      | 1437 ||| ENCHANTING +2 sling.
  1537 | D:3      | Reached skill level 4 in Ranged Weapons
  2320 | D:4      | Found a bloodstained altar of Trog.
  2320 | D:4      | Noticed a black bear
  2320 | D:4      | Noticed a black bear
  2330 | D:4      | HP: 4/26 [black bear (5)]
  2330 | D:4      | Slain by a black bear

Levels and vault maps discovered:
D:1:      sevenhm_arrival_forest_fort_small_3, layout_rooms,
          minmay_misc_feat_pillars
D:2:      layout_basic, basic_altar, st_stairs_4, serial_park_tiny_1
D:3:      layout_basic
D:4:      cheibrodos_pilgrimage, layout_basic, mainiacjoe_overflow_catwalk,
          trog_ov_bears_minmay, minmay_temple_entry_nine_rooms

Skill      XL: |  1  2  3  4 |
---------------+-------------+-----
Ranged Weapons | 3 4 |  4.1
Fighting       | 2 |  2.0
Dodging        | |  1.5
Spellcasting   | |  1.0
Hexes          | |  2.6

Action                     |  1- 3 |  4- 6 || total
---------------------------+-------+-------++-------
   Fire: Sling             |   110 |    35 ||   145
    Use: Scroll            |     3 |     6 ||     9
         Potion            |       |     1 ||     1
 Armour: Robe              |    27 |    10 ||    37
  Dodge: Dodged            |    36 |    15 ||    51
  Block: Other             |       |     4 ||     4

Table legend:
 A = Non-vault XP
 B = Vault XP
 C = Vault XP percentage of total XP
 D = Non-vault monster count
 E = Vault monster count
 F = Vault count percentage of total count
                 A         B        C        D         E       F
            +---------+---------+-------+---------+---------+-------
      Total |      95 |      15 |  13.6 |      37 |       2 |   5.1
            +---------+---------+-------+---------+---------+-------
        D:1 |      24 |       0 |   0.0 |      15 |       0 |   0.0
        D:2 |      47 |      15 |  24.2 |      14 |       2 |  12.5
        D:3 |      24 |       0 |   0.0 |       8 |       0 |   0.0
            +---------+---------+-------+---------+---------+-------
